 Dungeon Crawl Stone Soup version 0.26.0-11-g8f856b5395 (webtiles) character file.

Game seed: 13647595655531409991

7860 Marvel the Spear-Bearer (level 11, -1/97 HPs)
             Began as a Hill Orc Fighter on Jan 15, 2021.
             Was an Elder of Okawaru.
             Slain by a killer bee (3 damage)
             ... on level 11 of the Dungeon.
             The game lasted 00:14:45 (9914 turns).

Marvel the Spear-Bearer (Hill Orc Fighter)          Turns: 9914, Time: 00:14:46

Health: -1/97      AC:  7    Str: 29 (31) XL:     11   Next: 21%
Magic:  11/11      EV: 10    Int: 10 (12) God:    Okawaru [****..]
Gold:   520        SH:  0    Dex:  8 (10) Spells: 10/10 levels left

rFire    + . .     SeeInvis .   w - +8 halberd of the Pyrrhic Victory {vorpal, Str+4}
rCold    + . .     Faith    .   (shield currently unavailable)
rNeg     . . .     Spirit   .   s - +0 chain mail "Nioxek" {Str+4 Int+4}
rPois    +         Reflect  .   (helmet restricted)
rElec    +         Harm     .   (no cloak)
rCorr    +         Rampage  .   (no gloves)
Will     .....                  (no boots)
Stlth    ..........             (no amulet)
HPRegen  0.26/turn              (no ring)
MPRegen  0.12/turn              (no ring)

@: lethally poisoned (-1 -> -26), resistant, corroded, flying
A: antennae 1, wild magic 1, MP-powered wands
a: Renounce Religion, Heroism


You were on level 11 of the Dungeon.
You worshipped Okawaru.
Okawaru was greatly pleased with you.
You visited 2 branches of the dungeon, and saw 12 of its levels.

You collected 814 gold pieces.
You spent 294 gold pieces at shops.

Inventory:

Hand Weapons
 a - a +1 war axe
 w - the +8 halberd of the Pyrrhic Victory (weapon) {vorpal, Str+4}
   (You found it on level 5 of the Dungeon)

   It inflicts extra damage upon your enemies.
   It affects your strength (+4).
Missiles
 j - 77 poisoned darts (quivered)
 l - 14 boomerangs
Armour
 b - a +0 scale mail
 c - a +0 kite shield
 r - a +0 helmet
 s - the +0 chain mail "Nioxek" (worn) {Str+4 Int+4}
   (You bought it in a shop on level 6 of the Dungeon)

   It affects your strength (+4).
   It affects your intelligence (+4).
Jewellery
 o - an uncursed amulet of the acrobat {unknown}
 v - an uncursed ring of see invisible
 y - an uncursed amulet of guardian spirit {unknown}
Wands
 A - a wand of acid (15)
 B - a wand of flame (18)
 C - a wand of digging (2)
 D - a wand of iceblast (25)
 G - a wand of paralysis (9)
Scrolls
 e - 6 scrolls of identify
 f - 8 scrolls of remove curse
 h - 6 scrolls of teleportation
 i - 2 scrolls of amnesia
 m - 3 scrolls of blinking {unknown}
 n - 2 scrolls of fear
 q - 3 scrolls of magic mapping
 E - a scroll of fog
 F - a scroll of noise {unknown}
 H - a scroll of silence {unknown}
Potions
 d - a potion of flight
 k - 2 potions of might
 p - 4 potions of haste
 t - a potion of ambrosia {unknown}
 u - a potion of resistance
 z - 2 potions of mutation
 J - a potion of magic {unknown}
Miscellaneous
 I - a tin of tremorstones (2/2)


   Skills:
 + Level 9.2 Fighting
 + Level 7.8(11.6) Axes
 + Level 11.5(12.1) Polearms
 + Level 8.9 Armour
 + Level 3.6 Dodging
 + Level 1.6 Stealth
 + Level 4.9 Shields


You had 10 spell levels left.
You didn't know any spells.
Your spell library contained the following spells:

 Spells                   Type           Power        Failure   Level
 Corpse Rot               Necr/Air       N/A          96%         2
 Stone Arrow              Conj/Erth      0%           99%         3
 Summon Forest            Summ/Tloc      0%           100%        5
 Eringya's Noxious Bog    Tmut/Pois      0%           100%        6
 Hydra Form               Tmut           0%           100%        6
 Summon Hydra             Summ           0%           100%        7


Dungeon Overview and Level Annotations

Branches:
Dungeon (11/15)            Temple (1/1) D:6            Lair (0/6) D:8
    Orc: D:9-12

Altars:
Ashenzari
Cheibriados
Dithmenos
Elyvilon
Fedhas
Gozag
Hepliaklqana
Kikubaaqudgha
Makhleb
Nemelex Xobeh
Okawaru
Qazlal
Ru
Sif Muna
Trog
Uskayaw
Vehumet
Wu Jian
Xom
Yredelemnul
Zin
The Shining One

Shops:
D:5 [   D:6 [(

Annotations:
D:9 2 runed translucent doors


Innate Abilities, Weirdness & Mutations

You have a pair of small antennae on your head.
Your spells are a little harder to cast, but a little more powerful.
You expend magic power (3 MP) to strengthen your wands.


Message History

You fly up into the air.
* * * LOW HITPOINT WARNING * * *
You feel very sick. The killer bee closely misses you.
The killer bee stings you but does no damage.
The killer bee stings you.
* * * LOW HITPOINT WARNING * * *
The hound bites you but does no damage. The killer bee closely misses you.
The green ugly thing completely misses you.
It was a potion of mutation.
You feel extremely strange.
You feel less in control of your magic.
You feel your magical essence link to the dungeon's wands.
A pair of antennae grows on your head!
Your +0 helmet falls away!
* * * LOW HITPOINT WARNING * * *
You feel very sick. The killer bee closely misses you.
The killer bee stings you.
* * * LOW HITPOINT WARNING * * *
The hound closely misses you. The killer bee stings you.
You die...

###############
#..............
#..[...........
#.......h......
#......@y!.....
#......yu......
#........r.....
#..............
#..............
#..............
#..............
#...........^..


You could see a green ugly thing, a hound, 2 killer bees and a quokka.

Vanquished Creatures
  A two-headed ogre (D:9)
  Erica (D:8)
  Psyche (D:8)
  Maggie (D:9)
  A kobold demonologist (D:9)
  A troll (D:10)
  A shadow (D:10)
  A steam dragon (D:10)
  An ice beast (D:9)
  A black bear (D:10)
  4 sky beasts
  5 orc warriors
  A necrophage (D:6)
  7 ogres
  5 phantoms
  4 centaurs
  8 bullfrogs
  A wyvern zombie (D:6)
  2 scorpions (D:7)
  13 killer bees
  3 wights (D:10)
  3 howler monkeys
  A centaur zombie (D:8)
  A bullfrog zombie (D:9)
  7 orc priests
  5 hounds
  6 jellies
  5 orc wizards
  A bullfrog skeleton (D:9)
  A centaur skeleton (D:8)
  2 iguanas
  7 worker ants
  A hound zombie (D:6)
  2 worker ant zombies
  A gnoll (D:5)
  A howler monkey skeleton (D:7)
  8 adders
  A shadow imp (D:6)
  4 white imps
  An ufetubus (D:5)
  An adder zombie (D:6)
  2 adder skeletons
  4 worms
  2 dart slugs (D:1)
  5 leopard geckos
  34 orcs
  8 giant cockroaches
  6 goblins (D:1)
  7 hobgoblins
  16 jackals
  4 quokkas
  10 bats
  5 frilled lizards
  6 kobolds
  A leopard gecko skeleton (D:7)
  8 rats
240 creatures vanquished.

Vanquished Creatures (others)
  A leopard gecko (D:6)
1 creature vanquished.

Grand Total: 241 creatures vanquished

Notes
Turn   | Place    | Note
-------+----------+-------------------------------------------
     0 | D:1      | Marvel the Hill Orc Fighter began the quest for the Orb.
     0 | D:1      | Reached XP level 1. HP: 19/19 MP: 1/1
    55 | D:1      | Reached XP level 2. HP: 25/27 MP: 2/2
   220 | D:1      | Reached XP level 3. HP: 33/33 MP: 3/3
   808 | D:2      | Reached XP level 4. HP: 38/40 MP: 4/4
   836 | D:2      | Found a broken altar of Ashenzari.
   990 | D:2      | Found a basalt altar of Yredelemnul.
  1072 | D:2      | Found a white marble altar of Elyvilon.
  1303 | D:2      | Found a shimmering blue altar of Sif Muna.
  2175 | D:3      | Reached XP level 5. HP: 46/46 MP: 5/5
  2225 | D:3      | Reached skill level 5 in Axes
  2313 | D:4      | HP: 2/46 [orc/cursed -1 trident (4)]
  2324 | D:4      | Reached XP level 6. HP: 22/55 MP: 6/6
  2576 | D:4      | Reached skill level 1 in Dodging
  2695 | D:4      | Reached skill level 5 in Fighting
  3264 | D:5      | Entered Level 5 of the Dungeon
  3439 | D:5      | Found a shimmering altar of Xom.
  3549 | D:5      | Noticed a moth of wrath
  3552 | D:5      | Found a bloodstained altar of Trog.
  3808 | D:5      | Noticed a phantom
  3822 | D:5      | Killed a phantom
  3823 | D:5      | Reached XP level 7. HP: 45/61 MP: 7/7
  4268 | D:5      | Found Icet's Armour Emporium.
  4326 | D:5      | Got a dazzling halberd
  4332 | D:5      | Identified the +8 halberd of the Pyrrhic Victory {vorpal,
                  | Str+4} (You found it on level 5 of the Dungeon)
  4415 | D:6      | Found a staircase to the Ecumenical Temple.
  4425 | D:6      | Reached skill level 5 in Armour
  4438 | D:6      | Reached skill level 1 in Polearms
  4438 | D:6      | Reached XP level 8. HP: 41/69 MP: 8/8
  4732 | D:6      | Reached skill level 2 in Polearms
  5005 | Temple   | Entered the Ecumenical Temple
  5148 | Temple   | Became a worshipper of Warmaster Okawaru
  5346 | D:6      | Found Vymur's Antique Armour Emporium.
  5367 | D:6      | Bought a shimmering chain mail for 294 gold pieces
  5377 | D:6      | Identified the +0 chain mail "Nioxek" {Str+4 Int+4} (You
                  | bought it in a shop on level 6 of the Dungeon)
  5437 | D:6      | Reached skill level 3 in Polearms
  5542 | D:6      | Found Ejasuad's Antique Weapon Shop.
  5634 | D:6      | Reached skill level 1 in Stealth
  5636 | D:6      | Reached skill level 4 in Polearms
  6238 | D:7      | Reached XP level 9. HP: 77/78 MP: 9/9
  6250 | D:7      | Reached skill level 5 in Polearms
  6396 | D:7      | Reached * piety under Okawaru
  6408 | D:7      | Reached skill level 6 in Polearms
  6793 | D:8      | Reached skill level 7 in Polearms
  7027 | D:8      | Noticed Psyche
  7033 | D:8      | Killed Psyche
  7034 | D:8      | Reached skill level 8 in Polearms
  7234 | D:8      | Reached ** piety under Okawaru
  7351 | D:8      | Noticed Erica
  7354 | D:8      | Killed Erica
  7355 | D:8      | Reached skill level 9 in Polearms
  7355 | D:8      | Reached XP level 10. HP: 88/88 MP: 10/10
  7356 | D:8      | Found a staircase to the Lair.
  7547 | D:9      | Noticed Maggie
  7566 | D:9      | Killed Maggie
  7648 | D:9      | Reached *** piety under Okawaru
  7685 | D:9      | Reached skill level 10 in Polearms
  8014 | D:9      | Found a sacrificial altar of Ru.
  8177 | D:9      | Noticed a two-headed ogre
  8181 | D:9      | Killed a two-headed ogre
  8181 | D:9      | Reached **** piety under Okawaru
  8593 | D:9      | Found a large runed translucent door.
  8593 | D:9      | Found a large runed translucent door.
  8668 | D:9      | Found a large runed translucent door.
  8668 | D:9      | Found a large runed translucent door.
  8787 | D:9      | Noticed a kobold demonologist
  8796 | D:9      | Killed a kobold demonologist
  8940 | D:10     | Entered Level 10 of the Dungeon
  8964 | D:10     | Reached skill level 11 in Polearms
  8964 | D:10     | Reached XP level 11. HP: 57/95 MP: 11/11
  9902 | D:11     | Noticed a green ugly thing
  9914 | D:11     | Gained mutation: Your spells are a little harder to cast,
                  | but a little more powerful. [potion of mutation]
  9914 | D:11     | Gained mutation: You expend magic power (3 MP) to
                  | strengthen your wands. [potion of mutation]
  9914 | D:11     | Gained mutation: You have a pair of small antennae on your
                  | head. [potion of mutation]
  9914 | D:11     | HP: 2/97 [killer bee (4)]
  9914 | D:11     | Slain by a killer bee

Illustrated notes

Levels and vault maps discovered:
D:1:      heliophobic_arrival_dark_side_of_the_moon, layout_basic
D:2:      layout_loops_ring, kennysheep_ying_yang, nicolae_ashenzari_panopticon,
          led_sif_pool, chequers_serial_rivers_large_a
D:3:      layout_loops_corners
D:4:      layout_basic, minmay_cut_off
D:5:      layout_rooms, tgw_trog, serial_shops,
          nicolae_shop_competitors_out_of_business, tgw_xom
D:6:      cheibrodos_barr_body, layout_rooms, minmay_temple_entry_stoned_glass,
          serial_shops, shop, shop, lemuel_flamethrower_1
D:7:      nicolae_whirlpool, layout_cave_pools
D:8:      layout_loops_cross, lair_entry_dummy, uniq_erica, uniq_psyche
D:9:      layout_cross, nicolae_ru_the_path_less_chosen,
          minmay_hollow_rounded_squares, uniq_maggie
D:10:     layout_roguey
D:11:     layout_long_grid, hiddenorc1_lemuel
Temple:   eino_temple_scatter_basement

Skill      XL: |  1  2  3  4  5  6  7  8  9 10 11 |
---------------+----------------------------------+-----
Axes           | 3 4 5 6 7 |  7.8
Armour         | 4 5 6 7 8 |  8.9
Fighting       | 4 5 6 7 8 9 |  9.2
Shields        | 4 |  4.9
Dodging        | 1 2 3 |  3.6
Polearms       | 1 4 9 11 | 11.5
Stealth        | 1 |  1.6

Action                   |  1- 3 |  4- 6 |  7- 9 | 10-12 || total
-------------------------+-------+-------+-------+-------++-------
Melee: War axe           |   108 |   184 |    16 |       ||   308
       Halberd           |       |       |   161 |   193 ||   354
Invok: Heroism           |       |       |       |     1 ||     1
  Use: Potion            |       |     4 |       |     7 ||    11
       Scroll            |       |       |    10 |       ||    10
Armor: Scale mail        |    52 |    62 |    60 |       ||   174
       Skin              |       |    33 |       |       ||    33
       Chain mail        |       |       |    43 |   157 ||   200
Dodge: Dodged            |    42 |    76 |    93 |   175 ||   386
Block: Kite shield       |    64 |   130 |    14 |       ||   208
